Map: Curious Minds LE

Players

Lanlan

  • Race: Terran Terran
  • League: Master

AntiDiarrhea - Winner!

  • Race: Protoss Protoss
  • League: Platinum

VOD

Have the link to the VOD?

Description

Time

  • Played on: April 7, 2022, 4:15 a.m.
  • Length: 16:10
Show
View Real Time Build Order
Export as new Build Order

Lanlan Terran 

Build Orders: Gas First Reaper Expand, Liberator Opening 

Get SALT Encoding   

  12  0:00  SCV  
  13  0:12  SCV  
  14  0:17  Supply Depot  
  14  0:24  SCV  
  14  0:28  Refinery  
  15  0:38  SCV  
  16  0:45  Barracks  
  16  0:50  SCV  
  17  1:03  SCV  
  18  1:15  SCV  
  19  1:32  Orbital Command  
  19  1:33  Reaper  
  20  1:43  Command Center  
  20  1:53  Factory  
  20  2:00  SCV  
  21  2:09  Supply Depot  
  21  2:15  SCV  
  21  2:21  Refinery  
  22  2:23  Barracks Reactor  
  22  2:27  SCV  
  23  2:40  Supply Depot  
  23  2:50  Bunker  
  23  2:51  SCV  
  23  2:54  Factory Tech Lab  
  23  3:00  Marine x2  
  23  3:02  Starport  
  23  3:03  SCV  
  23  3:04  Orbital Command  
  26  3:15  SCV  
  27  3:21  Siege Tank  
  30  3:27  SCV  
  31  3:37  Marine x2  
  31  3:39  SCV  
  32  3:50  Liberator  
  32  3:55  Marine x2  
  34  4:13  Marine x2, Siege Tank  
  39  4:25  Bunker  
  39  4:30  Marine  
  40  4:38  Marine  
  40  4:48  Marine  
  35  4:56  Marine  
  35  4:57  Siege Tank  
  39  5:02  Liberator  
  39  5:06  Marine  
  43  5:16  Supply Depot  
  43  5:17  Supply Depot  
  43  5:18  Supply Depot  
  43  5:20  Marine  
  44  5:24  Marine  
  44  5:38  Marine, Siege Tank  
  44  5:42  Marine  
  46  5:56  Marine  
  46  5:59  Marine  
  46  6:04  Medivac  
  49  6:10  Siege Tank  
  52  6:13  Marine  
  52  6:17  Marine  
  51  6:31  Marine  
  50  6:35  Marine  
  51  6:49  Marine  
  51  6:53  Marine  
  51  6:54  Siege Tank  
  56  7:00  Orbital Command  
  52  7:07  Marine  
  50  7:11  Marine  
  50  7:15  Barracks, Starport Reactor  
  49  7:16  Barracks  
  49  7:36  Bunker  
  49  7:39  SCV x2  
  49  7:40  Supply Depot  
  49  7:42  Supply Depot  
  51  7:51  Marine x2, SCV x2  
  51  7:52  Siege Tank  
  51  7:56  Medivac x2  
  62  8:02  Refinery x2  
  62  8:03  SCV  
  62  8:04  SCV  
  64  8:09  Marine x2  
  66  8:14  Barracks Reactor, Barracks Tech Lab  
  66  8:15  SCV  
  66  8:16  SCV  
  68  8:24  Siege Tank  
  71  8:27  Marine x2  
  71  8:33  Command Center  
  71  8:34  SCV x2  
  75  8:46  Engineering Bay x2, SCV x2  
  77  8:57  Supply Depot  
  77  8:58  SCV x2, Supply Depot  
  77  8:59  Stimpack  
  79  9:07  Marine, Marauder  
  79  9:09  Marine  
  83  9:10  SCV x2  
  85  9:22  SCV x2  
  85  9:23  Marine  
  85  9:24  Marine  
  89  9:25  Marine  
  89  9:27  Marine  
  89  9:28  Marine  
  89  9:29  Medivac, Siege Tank  
  89  9:30  Medivac  
  99  9:34  SCV x2  
  101  9:40  Supply Depot  
  101  9:41  Marine  
  101  9:42  Supply Depot  
  101  9:44  Supply Depot  
  102  9:50  Terran Infantry Weapons Level 1  
  102  9:51  Terran Infantry Armor Level 1  
  102  9:54  Armory  
  102  10:13  Marine x4  
  108  10:14  Marauder, Siege Tank  
  108  10:15  Medivac x2  
  115  10:29  Barracks  
  115  10:30  Barracks, Marine x2  
  115  10:35  Orbital Command  
  117  10:36  SCV x2  
  117  10:39  Marine, Marauder  
  122  10:47  Missile Turret  
  122  10:48  SCV x2  
  124  10:54  Marine  
  124  10:56  Concussive Shells  
  125  11:00  Marauder, SCV x2  
  125  11:01  Terran Vehicle Weapons Level 1  
  125  11:03  SCV  
  130  11:12  SCV  
  130  11:13  SCV  
  130  11:14  Marine x4  
  130  11:15  SCV  
  137  11:19  Siege Tank  
  137  11:21  Marine  
  141  11:29  SCV, Barracks Reactor, Barracks Tech Lab  
  141  11:45  Supply Depot  
  141  11:46  SCV, Supply Depot x2  
  141  11:47  Marine x2, SCV  
  141  11:48  Marine x2  
  141  11:50  Marauder  
  139  12:09  Marine x5  
  139  12:10  Marine x3  
  139  12:12  Supply Depot x2  
  147  12:20  SCV x2  
  147  12:21  Supply Depot  
  149  12:22  Supply Depot  
  149  12:26  SCV, Siege Tank  
  149  12:27  Marine  
  149  12:28  Marauder  
  153  12:38  SCV x3  
  156  12:50  SCV x3  
  159  13:02  SCV x2  
  146  13:26  SCV x3  
  115  13:38  SCV x3  
  103  13:43  Marine x3, Refinery x2  
  103  13:44  Marine x2  
  103  13:45  Command Center  
  106  13:50  Marine, SCV x3  
  109  14:01  Marine  
  109  14:02  SCV x2  
  112  14:08  Marine  
  112  14:18  SCV  
  112  14:19  SCV x2  
  115  14:30  SCV  
  115  14:31  SCV x2  
  110  14:43  SCV x3  
  113  14:55  SCV  
  113  14:56  Barracks Reactor, Barracks Tech Lab  
  84  15:12  Marine x3  
  72  15:14  Siege Tank  
  72  15:21  Marine  
  72  15:23  Medivac x2  
  77  15:30  Marine x3  
  80  15:36  Marine x2  
  80  15:37  Barracks x2  
  80  15:38  Barracks  
  80  15:39  Marine  
  83  15:46  Barracks  
  83  15:47  Barracks  
  83  15:48  Marine  
  83  15:49  Marauder  
Show
View Real Time Build Order
Export as new Build Order

AntiDiarrhea Protoss - Winner!

Build Orders:  

Get SALT Encoding   

  12  0:00  Probe  
  13  0:12  Probe  
  14  0:19  Pylon  
  14  0:24  Probe  
  15  0:29  Assimilator  
  15  0:40  Gateway  
  15  0:45  Probe (Chrono Boost)  
  16  0:55  Probe (Chrono Boost)  
  17  1:00  Probe (Chrono Boost)  
  18  1:05  Gateway  
  18  1:11  Probe (Chrono Boost)  
  18  1:16  Pylon  
  19  1:23  Probe (Chrono Boost)  
  20  1:30  Cybernetics Core, Probe (Chrono Boost)  
  21  1:36  Assimilator  
  21  1:40  Probe  
  22  1:50  Gateway  
  22  2:06  Stalker (Chrono Boost)  
  26  2:14  Warp Gate (Chrono Boost), Pylon  
  26  2:15  Stalker (Chrono Boost)  
  25  2:29  Stalker (Chrono Boost)  
  27  2:47  Stalker  
  29  2:53  Pylon  
  29  2:56  Probe  
  30  3:09  Pylon  
  30  3:11  Twilight Council  
  30  3:13  Stalker  
  30  3:18  Stalker  
  34  4:04  Stalker x3  
  40  4:18  Blink (Chrono Boost)  
  40  4:34  Nexus  
  28  4:54  Stalker x2  
  32  5:01  Gateway  
  32  5:04  Gateway, Probe  
  32  5:06  Stalker  
  35  5:26  Stalker x2  
  39  5:30  Stalker  
  39  5:33  Probe  
  40  6:00  Probe (Chrono Boost)  
  42  6:05  Probe (Chrono Boost)  
  42  6:08  Forge  
  42  6:09  Forge  
  42  6:10  Probe (Chrono Boost)  
  43  6:14  Probe (Chrono Boost)  
  38  6:22  Stalker x2  
  38  6:25  Probe (Chrono Boost)  
  44  6:30  Probe (Chrono Boost)  
  44  6:37  Sentry  
  44  6:38  Probe (Chrono Boost), Zealot x2  
  44  6:39  Probe (Chrono Boost)  
  51  6:44  Pylon  
  44  7:08  Stalker x3  
  38  7:09  Stalker  
  38  7:11  Sentry  
  38  7:12  Probe  
  38  7:13  Probe  
  44  7:24  Probe (Chrono Boost)  
  44  7:25  Probe (Chrono Boost)  
  46  7:30  Dark Shrine  
  48  7:37  Probe (Chrono Boost)  
  48  7:38  Assimilator  
  48  7:42  Probe (Chrono Boost)  
  48  7:43  Stalker  
  48  7:44  Stalker  
  52  7:45  Zealot  
  54  7:52  Stalker  
  56  8:01  Stalker  
  56  8:02  Probe (Chrono Boost)  
  59  8:07  Assimilator  
  59  8:11  Probe (Chrono Boost)  
  60  8:20  Stalker x2  
  60  8:21  Zealot  
  60  8:22  Zealot  
  60  8:24  Zealot  
  70  8:29  Probe  
  70  8:30  Protoss Ground Weapons Level 1 (Chrono Boost), Probe  
  72  8:41  Probe  
  72  8:42  Stalker  
  72  8:43  Stalker  
  77  8:49  Photon Cannon  
  77  8:53  Pylon  
  77  9:03  Nexus  
  77  9:13  Zealot x2  
  81  9:26  Stalker x2  
  81  9:28  Charge (Chrono Boost)  
  85  9:33  Protoss Ground Armor Level 1  
  85  9:47  Pylon, Probe  
  85  9:49  Pylon  
  86  9:56  Robotics Facility  
  86  10:05  Probe x2  
  80  10:16  Pylon, Stalker  
  80  10:17  Dark Templar x2  
  80  10:18  Pylon  
  86  10:22  Dark Templar  
  86  10:26  Probe (Chrono Boost)  
  90  10:35  Probe (Chrono Boost)  
  90  10:54  Stalker  
  90  10:55  Stalker x3  
  98  10:59  Probe  
  99  11:07  Shield Battery x2  
  99  11:08  Assimilator  
  99  11:10  Photon Cannon x2  
  99  11:11  Robotics Bay, Probe  
  99  11:16  Robotics Facility  
  99  11:17  Pylon  
  100  11:22  Dark Templar  
  102  11:27  Probe (Chrono Boost)  
  102  11:29  Assimilator  
  105  11:33  Probe x2 (Chrono Boost)  
  105  11:53  Stalker x3  
  103  12:06  Zealot  
  105  12:11  Pylon  
  105  12:16  Pylon, Gateway, Zealot  
  105  12:17  Extended Thermal Lance (Chrono Boost), Zealot  
  105  12:18  Gateway  
  105  12:19  Colossus (Chrono Boost)  
  115  12:23  Gateway  
  113  12:37  Zealot x3  
  113  12:38  Zealot  
  121  12:58  Zealot x3  
  127  13:06  Dark Templar  
  117  13:32  Stalker x4  
  117  13:33  Zealot  
  117  13:34  Zealot  
  95  14:02  Zealot x6  
  93  14:03  Zealot  
  93  14:06  Colossus (Chrono Boost), Probe x3  
  93  14:07  Colossus (Chrono Boost)  
  110  14:18  Probe x2  
  106  14:38  Probe  
  105  14:47  Zealot x2, Colossus (Chrono Boost)  
  105  14:48  Zealot x4  
  105  14:49  Nexus, Stalker  
  105  14:50  Pylon, Observer (Chrono Boost)  
  105  14:52  Gateway  
  126  14:54  Pylon, Gateway  
  126  14:56  Gravitic Boosters  
  102  15:08  Stalker x5  
  102  15:09  Stalker  
  102  15:10  Observer  
  95  15:17  Shield Battery  
  95  15:19  Shield Battery  
  91  15:31  Zealot x3  
  91  15:32  Zealot x3  
  91  15:35  Probe x3  
Tags
 
Add a new tag
Caveats
  • Supply blocks, unpowered buildings, or Contaminate may cause inaccurate times.
  • Supply counts are checked every 10 seconds.